 Dungeon Crawl Stone Soup version 0.28-a0-1567-g1695149f81 (webtiles) character file.

Game seed: 16257092218692548909

7612 dolemite99 the Protected (level 10, -1/118 HPs)
             Began as a Demonspawn Abyssal Knight on Jan 20, 2022.
             Was a High Priest of Lugonu.
             Shot with an arrow by a centaur warrior (15 damage)
             ... on level 9 of the Dungeon.
             The game lasted 00:15:38 (12222 turns).

dolemite99 the Protected (DsAK)                    Turns: 12222, Time: 00:15:38

Health: -1/118     AC: 25    Str: 18    XL:     10   Next: 98%
Magic:  0/16       EV:  2    Int: 12    God:    Lugonu [*****.]
Gold:   94         SH:  0    Dex: 13    Spells: 9/9 levels left

rFire   . . .      SeeInvis .   b - +6 hunting sling (venom)
rCold   . . .      Faith    .   (no shield)
rNeg    . . .      Spirit   +   (armour currently unavailable)
rPois   +          Reflect  .   (helmet currently unavailable)
rElec   .          Harm     .   (cloak currently unavailable)
rCorr   .          Rampage  .   (gloves currently unavailable)
Will    .....      NoTele   +   (boots currently unavailable)
Stlth   +.........              (no amulet)
HPRegen 0.29/turn               (no ring)
MPRegen 0.30/turn               (no ring)

@: tree-form
A: stationary, stasis, torment immunity, boosted hp, (claws 1), (slimy green
scales 2), foul stench 2, magic shield, magic regeneration
a: Renounce Religion, Depart the Abyss, Bend Space, Banish, Corrupt, Enter the
Abyss


You were on level 9 of the Dungeon.
You worshipped Lugonu.
Lugonu was extremely pleased with you.
You were a tree.
You visited 1 branch of the dungeon, and saw 9 of its levels.
You visited the Abyss 1 time.
You also visited: Ossuary.

You collected 422 gold pieces.
You spent 328 gold pieces at shops.

Inventory:

Hand Weapons
 a - a +2 short sword of venom
 b - a +6 hunting sling of venom (weapon)
 k - a +1 short sword
 L - a +0 vampiric short sword
 M - a +0 dagger
Missiles
 d - 7 boomerangs
 e - 23 poisoned darts
 i - 192 stones (quivered ammo)
 s - 46 bolts
Armour
 j - a +2 helmet (melded)
 l - a scarf of repulsion (melded)
 n - a +0 pair of gloves (melded)
 D - a +0 chain mail (melded)
 H - a +0 pair of boots (melded)
 I - a +2 pair of boots
Magical Staves
 h - a staff of poison
Jewellery
 v - a +6 ring of dexterity
 w - a ring of ice
 x - a +6 ring of intelligence
Wands
 f - a wand of polymorph (4)
 q - a wand of iceblast (15)
 F - a wand of digging (8)
Scrolls
 g - 3 scrolls of teleportation
 y - 2 scrolls of noise
 z - a scroll of magic mapping
 C - a scroll of vulnerability
Potions
 m - 3 potions of flight
 o - a potion of might
 p - 5 potions of attraction
 r - a potion of ambrosia
 A - 5 potions of brilliance
 E - a potion of degeneration {unknown}
 G - a potion of invisibility {unknown}


   Skills:
 - Level 7.1 Fighting
 - Level 6.0 Short Blades
 - Level 7.4 Slings
 + Level 9.6 Armour
 - Level 0.8 Dodging
 - Level 8.0 Invocations


You had 9 spell levels left.
You didn't know any spells.
Your spell library contained the following spells:

 Spells                   Type           Power      Damage    Failure   Level
 Animate Skeleton         Necr           0%         N/A       32%         1
 Apportation              Tloc           0%         N/A       32%         1
 Summon Small Mammal      Summ           0%         N/A       32%         1
 Corpse Rot               Necr/Air       0%         N/A       45%         2
 Stone Arrow              Conj/Erth      0%         3d7       69%         3
 Animate Armour           Summ/Erth      0%         N/A       97%         4
 Olgreb's Toxic Radiance  Pois           0%         N/A       97%         4
 Summon Ice Beast         Ice/Summ       0%         N/A       97%         4
 Alistair's Intoxication  Tmut/Pois      0%         N/A       100%        5
 Summon Mana Viper        Hex/Summ       0%         N/A       100%        5
 Monstrous Menagerie      Summ           0%         N/A       100%        7
 Lehudib's Crystal Spear  Conj/Erth      0%         10d2      100%        8
 Maxwell's Capacitive Co  Air            0%         ∞         100%        8


Dungeon Overview and Level Annotations

Branches:
Dungeon (9/15)             Temple (0/1) D:5            Lair (0/6) D:8
Ossuary (visited)
    Orc: D:9-12

Altars:

Shops:
D:7 ([*=[

Annotations:
D:8 2 transporters, exclusion: downstairs


Innate Abilities, Weirdness & Mutations

You are a tree.
Your roots penetrate the ground, keeping you stationary.
You cannot be teleported.
You are immune to unholy pain and torment.
Your maximum health is greatly increased.
Your equipment is partially melded.
((You have sharp fingernails.))
((You are mostly covered in slimy green scales. (AC +3)))
You sometimes emit foul miasma when damaged in melee.
When hurt, damage is shared between your health and your magic reserves.
You regenerate magic rapidly.


Message History

Your scarf of repulsion melds into your body.
Your +2 helmet melds into your body.
Your +0 pair of gloves melds into your body.
Your +0 pair of boots melds into your body.
Your +0 chain mail melds into your body.
The haze of the repulsion field disappears.
Your roots penetrate the ground.
The centaur warrior shoots an arrow.
The arrow hits you.
* * * LOW HITPOINT WARNING * * *
You feel better.
The centaur warrior shoots an arrow.
The arrow hits you!
* * * LOW HITPOINT WARNING * * *
Unknown command.
As you read the scroll of fog, it crumbles to dust.
The scroll dissolves into smoke.
It was a potion of heal wounds.
You feel much better.
The centaur warrior shoots an arrow.
The arrow hits you.
* * * LOW HITPOINT WARNING * * *
Fire: 195 stones
Press: ? - help, Q - select action, (/) - cycle Shift-Dir - straight line, f - centaur warrior
Aim: a centaur warrior, wielding a +0 shortbow, wearing the ring of Wefuq {rF+ AC+4 Int+4 Dex+3} and quivering arrows (blue smoke, 75% to hit)
You shoot a stone.
The stone barely misses the centaur warrior.
The centaur warrior shoots an arrow.
The arrow hits you but does no damage.
Fire: 194 stones
Press: ? - help, Q - select action, (/) - cycle Shift-Dir - straight line, f/p - centaur warrior
Aim: a centaur warrior, wielding a +0 shortbow, wearing the ring of Wefuq {rF+ AC+4 Int+4 Dex+3} and quivering arrows (blue smoke, 75% to hit)
You shoot a stone. The stone hits the centaur warrior.
The centaur warrior is poisoned.
The centaur warrior is lightly wounded.
The centaur warrior drinks a potion.
The centaur warrior is healed!
The centaur warrior looks more healthy.
Fire: 193 stones
Press: ? - help, Q - select action, (/) - cycle Shift-Dir - straight line, f/p - centaur warrior
Aim: a centaur warrior, wielding a +0 shortbow, wearing the ring of Wefuq {rF+ AC+4 Int+4 Dex+3} and quivering arrows (blue smoke, 75% to hit)
You shoot a stone.
The stone hits the centaur warrior but does no damage.
The centaur warrior shoots an arrow.
The arrow hits you!
* * * LOW HITPOINT WARNING * * *
The centaur warrior shoots an arrow.
The arrow hits you!
You die...

# #.
##§####
#.§§♣§#
#.§##§#
#.[..c#
#.##..#
#.c#
#..#
#..c..#
##...##
#.....


You could see a centaur warrior.

Vanquished Creatures
  A centaur warrior (D:9)
  3 two-headed ogres (D:9)
  Psyche (D:9)
  2 trolls (D:9)
  Menkaure (Ossuary)
  An acid dragon (D:8)
  3 water moccasins
  2 hornet zombies
  A black bear (D:5)
  3 sky beasts
  An orc warrior (D:9)
  5 centaurs
  A kobold brigand (D:9)
  3 bullfrogs
  A gnoll sergeant (D:7)
  A scorpion (D:5)
  A water moccasin skeleton (D:4)
  8 wights
  3 howler monkeys
  2 centaur zombies
  A gnoll shaman (D:7)
  3 hounds
  A jelly (D:5)
  5 orc priests
  Ijyb (D:3)
  6 orc wizards
  4 iguanas
  A hound zombie (D:5)
  A hound skeleton (D:4)
  3 mummies (Ossuary)
  2 adders
  13 gnolls
  3 white imps
  4 dart slugs
  25 orcs
  5 bats (D:2)
  3 endoplasms
  2 giant cockroaches
  5 gnoll zombies (Ossuary)
  5 goblins
  3 hobgoblins
  4 jackals (D:4)
  5 quokkas
  8 ball pythons
  A frilled lizard (D:1)
  4 gnoll skeletons (Ossuary)
  2 goblin skeletons (Ossuary)
  5 goblin zombies (Ossuary)
  3 hobgoblin skeletons (Ossuary)
  5 hobgoblin zombies (Ossuary)
  12 kobolds
  6 kobold skeletons (Ossuary)
  A kobold zombie (Ossuary)
  4 orc skeletons (Ossuary)
  7 orc zombies (Ossuary)
  7 rats
  6 rat skeletons (Ossuary)
  2 rat zombies (Ossuary)
222 creatures vanquished.

Vanquished Creatures (collateral kills)
  A skeletal warrior (D:9)
  A rat (D:3)
2 creatures vanquished.

Vanquished Creatures (others)
  A vampire (D:9)
1 creature vanquished.

Grand Total: 225 creatures vanquished

Notes
Turn   | Place    | Note
-------+----------+-------------------------------------------
     0 | Abyss:1  | dolemite99 the Demonspawn Abyssal Knight began the quest
                  | for the Orb.
     0 | Abyss:1  | Reached XP level 1. HP: 18/18 MP: 2/2
     3 | Abyss:1  | Found a corrupted altar of Lugonu.
    32 | Abyss:1  | Noticed a small abomination
    34 | D:1      | Escaped the Abyss
   116 | D:1      | Got the Tome of Noxious Feathers
   390 | D:1      | Gained mutation: You regenerate magic rapidly. [demonic
                  | ancestry]
   390 | D:1      | Reached XP level 2. HP: 19/24 MP: 3/3
   603 | D:1      | Reached * piety under Lugonu
  1518 | D:2      | Gained mutation: You may rarely emit foul miasma when
                  | damaged in melee. [demonic ancestry]
  1518 | D:2      | Reached XP level 3. HP: 29/29 MP: 4/4
  1549 | D:2      | Reached skill level 1 in Slings
  1952 | D:3      | Noticed Ijyb
  1973 | D:3      | Killed Ijyb
  2316 | D:3      | Reached XP level 4. HP: 35/35 MP: 5/5
  2838 | D:3      | Reached ** piety under Lugonu
  2851 | D:3      | Gained mutation: You are partially covered in slimy green
                  | scales. (AC +2) [demonic ancestry]
  2851 | D:3      | Reached XP level 5. HP: 26/41 MP: 6/6
  3808 | D:4      | Found a sand-covered staircase.
  3812 | Ossuary  | Entered an ossuary
  4168 | Ossuary  | Reached *** piety under Lugonu
  4501 | Ossuary  | Noticed Menkaure
  4524 | Ossuary  | Killed Menkaure
  4525 | Ossuary  | Reached skill level 5 in Slings
  4525 | Ossuary  | Reached XP level 6. HP: 12/47 MP: 7/7
  5763 | D:5      | Entered Level 5 of the Dungeon
  5826 | D:5      | Gained mutation: You have sharp fingernails. [demonic
                  | ancestry]
  5826 | D:5      | Reached XP level 7. HP: 45/52 MP: 8/8
  6039 | D:5      | Found a staircase to the Ecumenical Temple.
  6841 | D:5      | Reached skill level 5 in Short Blades
  6991 | D:6      | Gained mutation: You are mostly covered in slimy green
                  | scales. (AC +3) [demonic ancestry]
  6991 | D:6      | Reached XP level 8. HP: 58/58 MP: 9/9
  7868 | D:6      | Reached skill level 2 in Armour
  8238 | D:7      | Reached skill level 3 in Armour
  8250 | D:7      | Reached **** piety under Lugonu
  8280 | D:7      | Reached skill level 4 in Armour
  8584 | D:7      | Reached skill level 5 in Armour
  8590 | D:7      | Gained mutation: When hurt, damage is shared between your
                  | health and your magic reserves. [demonic ancestry]
  8590 | D:7      | Reached XP level 9. HP: 63/63 MP: 10/10
  8788 | D:7      | Found Compisir's Assorted Antiques.
  8791 | D:7      | Bought a large ivory ring for 125 gold pieces
  8791 | D:7      | Bought a jewelled iron wand for 100 gold pieces
  8801 | D:7      | Found Duivvoxt's Jewellery Emporium.
  8877 | D:7      | Found Dialeran's Antique Armour Shop.
  9054 | D:7      | Found Ocuukk's Antique Weapon Shop.
  9139 | D:7      | Found Doityosk's Antique Armour Shop.
  9147 | D:7      | Bought a pair of boots for 103 gold pieces
  9171 | D:7      | Reached skill level 5 in Invocations
  9265 | D:8      | Found a transporter.
  9267 | D:8      | Noticed a kobold demonologist
 10020 | D:8      | Found a staircase to the Lair.
 10422 | D:8      | Found a transporter.
 10827 | D:8      | Reached ***** piety under Lugonu
 11075 | D:9      | Noticed a two-headed ogre
 11087 | D:9      | Killed a two-headed ogre
 11179 | D:9      | Noticed a centaur warrior
 11187 | D:9      | Killed a centaur warrior
 11188 | D:9      | Gained mutation: You sometimes emit foul miasma when
                  | damaged in melee. [demonic ancestry]
 11188 | D:9      | Reached XP level 10. HP: 46/79 MP: 10/16
 11548 | D:9      | Noticed a two-headed ogre
 11559 | D:9      | Killed a two-headed ogre
 11560 | D:9      | Reached skill level 6 in Armour
 11702 | D:9      | Noticed a two-headed ogre
 11719 | D:9      | Noticed Psyche
 11722 | D:9      | Killed a two-headed ogre
 11723 | D:9      | Reached skill level 7 in Armour
 11738 | D:9      | Reached skill level 8 in Armour
 11772 | D:9      | Killed Psyche
 11919 | D:9      | Noticed a tengu warrior
 11921 | D:9      | Noticed a two-headed ogre
 12140 | D:9      | Identified the amulet of the Priest {Spirit Int+2}
 12140 | D:9      | Noticed a skeletal warrior
 12177 | D:9      | Killed a skeletal warrior
 12178 | D:9      | Reached skill level 9 in Armour
 12187 | D:9      | Noticed a wizard
 12189 | D:9      | Banished a tengu warrior
 12201 | D:9      | Noticed a boulder beetle
 12213 | D:9      | Identified the ring of Wefuq {rF+ AC+4 Int+4 Dex+3}
 12213 | D:9      | Noticed a centaur warrior
 12216 | D:9      | HP: 5/118 [centaur warrior/arrow (3)]
 12222 | D:9      | Shot with an arrow by a centaur warrior

Illustrated notes

Levels and vault maps discovered:
D:1:      dpeg_arrival_rooms_c, layout_loops_ring, skrybe_limestone_x
D:2:      layout_rooms, lemuel_flame_loot_1
D:3:      layout_basic, uniq_ijyb
D:4:      layout_loops_corners, nicolae_ossuary_entry_plus
D:5:      layout_loops_ring, minmay_temple_entry_junction, minivault_1
D:6:      layout_loops_ring
D:7:      layout_gridville, serial_shops, shop, shop, nicolae_take_the_stairs,
          kennysheep_mini_moat, nicolae_shop_advertising_works
          [nicolae_subvault_shop_adworks]
D:8:      gammafunk_wand_slinger, layout_gridville
D:9:      minmay_the_grid_triangle_9x9_recursive_2
          [minmay_the_grid_triangle_9x9_prize_center,
          minmay_the_grid_triangle_9x9_sparse_checkered,
          minmay_the_grid_triangle_9x9_cache,
          minmay_the_grid_triangle_9x9_impossible_snake], layout_loops_corners,
          trog_three_pillars_becter, uniq_psyche

Skill      XL: |  1  2  3  4  5  6  7  8  9 10 |
---------------+-------------------------------+-----
Short Blades   | 2 3 5 6 |  6.0
Slings         | 2 3 5 6 7 |  7.4
Armour         | 5 9 |  9.6
Invocations    | 8 |  8.0
Fighting       | 7 |  7.1
Dodging        | |  0.8

Action                   |  1- 3 |  4- 6 |  7- 9 | 10-12 || total
-------------------------+-------+-------+-------+-------++-------
Melee: Short sword       |    49 |    38 |    32 |       ||   119
       Punch             |       |     1 |       |       ||     1
       Unarmed           |       |       |     7 |     3 ||    10
 Fire: Hunting sling     |    45 |   189 |   301 |    96 ||   631
Throw: Dart              |    10 |     9 |       |       ||    19
Invok: Depart the Abyss  |     1 |       |       |       ||     1
       Banish            |       |       |       |     1 ||     1
  Use: Scroll            |       |     8 |    13 |     5 ||    26
       Potion            |       |       |     1 |     6 ||     7
 Stab: Sleeping          |     1 |       |       |       ||     1
Armor: Leather armour    |    10 |       |       |       ||    10
       Ring mail         |     5 |    32 |       |       ||    37
       Chain mail        |       |       |    94 |    21 ||   115
       Skin              |       |       |       |     1 ||     1
Dodge: Dodged            |    40 |    24 |    42 |    12 ||   118

Table legend: (Time is in decaauts)
 A = Elapsed time spent in this place.
 B = Non-inter-level travel time spent in this place.
 C = Inter-level travel time spent in this place.
 D = Time resting spent in this place.
 E = Time spent auto-exploring this place.
 F = Levels seen in this place.
 G = Mean time per level.
                   A        B        C        D        E       F      G
               +--------+--------+--------+--------+--------+-----+--------+
         Total |  12137 |  11900 |    237 |   4097 |   5800 |  11 | 1103.4 |
       Dungeon |  10976 |  10739 |    237 |   3598 |   5396 |   9 | 1219.6 |
         Abyss |     34 |     34 |      0 |      0 |     29 |   1 |   34.0 |
       Ossuary |   1126 |   1126 |      0 |    498 |    375 |   1 | 1126.0 |
               +--------+--------+--------+--------+--------+-----+--------+

Top non-repeatable levels by time:
     D:8: 1892 daAuts
     D:3: 1676 daAuts
     D:6: 1386 daAuts
     D:5: 1156 daAuts
     D:1: 1145 daAuts
 Ossuary: 1126 daAuts
     D:9: 1035 daAuts
     D:4: 1019 daAuts
     D:7: 907 daAuts
     D:2: 758 daAuts
 Abyss:1: 34 daAuts
